 Dungeon Crawl Stone Soup version 0.22.0 (webtiles) character file.

290 Blackhawk the Shield-Bearer (level 6, -3/53 HPs)
             Began as a Gnoll Fighter on Oct 22, 2018.
             Was a Follower of Okawaru.
             Slain by a vampire (9 damage)
             ... on level 4 of the Dungeon.
             The game lasted 00:04:39 (3254 turns).

Blackhawk the Shield-Bearer (Gnoll Fighter)         Turns: 3254, Time: 00:04:40

Health: -3/53      AC: 13    Str: 20    XL:     6   Next: 32%
Magic:  8/8        EV:  5    Int: 10    God:    Okawaru [*.....]
Gold:   145        SH: 11    Dex: 15    Spells: 8/8 levels left

rFire    + . .     SeeInvis .   a - +0 flail
rCold    x . .     Gourm    .   c - +0 shield
rNeg     . . .     Faith    .   s - +0 plate armour
rPois    .         Spirit   .   (no helmet)
rElec    .         Reflect  .   (no cloak)
rCorr    .         Harm     .   (no gloves)
MR       .....                  (no boots)
Stlth    ..........             (no amulet)
HPRegen  0.17/turn              k - ring of fire
MPRegen  0.11/turn              (no ring)

@: no status effects
A: distributed training, fangs 1, strong nose
a: Heroism, Renounce Religion


You were on level 4 of the Dungeon.
You worshipped Okawaru.
Okawaru was aware of your devotion.
You were not hungry.

You visited 1 branch of the dungeon, and saw 4 of its levels.

You collected 145 gold pieces.

Inventory:

Hand Weapons
 a - a +0 flail (weapon)
Missiles
 h - 135 stones (quivered)
Armour
 b - a +0 scale mail
 c - a +0 shield (worn)
 s - a +0 plate armour (worn)
 w - the +1 ring mail of the Present {-Tele rElec rCorr Dex-4, unknown}
   (You found it on level 4 of the Dungeon)

   It affects your dexterity (-4).
   It insulates you from electricity.
   It prevents most forms of teleportation.
   It provides partial protection from all sources of acid and corrosion.
Jewellery
 k - a ring of fire (left hand)
Wands
 r - a wand of polymorph (11)
Scrolls
 e - 2 scrolls of fog {unknown}
 g - 4 scrolls of amnesia {unknown}
 i - 3 scrolls of identify {unknown}
 m - 4 scrolls of remove curse {unknown}
 n - a scroll of fear {unknown}
 q - a scroll of teleportation {unknown}
 t - a scroll of magic mapping {unknown}
Potions
 d - a potion of might
 j - a potion of lignification {unknown}
 l - a potion of haste {unknown}
 o - 2 potions of flight {unknown}
 p - a potion of heal wounds {unknown}
 u - a potion of curing {unknown}
Comestibles
 f - 8 rations
 v - 3 chunks of flesh


   Skills:
 + Level 6.8 Fighting
 + Level 1.8 Short Blades
 + Level 1.8 Long Blades
 + Level 1.8 Axes
 + Level 4.9 Maces & Flails
 + Level 1.8 Polearms
 + Level 1.8 Staves
 + Level 1.8 Slings
 + Level 1.8 Bows
 + Level 1.8 Crossbows
 + Level 1.8 Throwing
 + Level 6.8 Armour
 + Level 1.8 Dodging
 + Level 1.8 Stealth
 + Level 6.8 Shields
 + Level 1.8 Unarmed Combat
 + Level 1.8 Spellcasting
 + Level 1.4 Conjurations
 + Level 1.4 Hexes
 + Level 1.4 Charms
 + Level 1.4 Summonings
 + Level 1.4 Necromancy
 + Level 1.4 Translocations
 + Level 1.4 Transmutations
 + Level 1.4 Fire Magic
 + Level 1.4 Ice Magic
 + Level 1.4 Air Magic
 + Level 1.4 Earth Magic
 + Level 1.4 Poison Magic
 + Level 2.0 Invocations
 + Level 1.8 Evocations


You had 8 spell levels left.
You didn't know any spells.
Your spell library was empty.

Dungeon Overview and Level Annotations

Branches:
Dungeon (4/15)
 Temple: D:4-7

Altars:
Okawaru
Qazlal
Vehumet
Wu Jian
Zin

Annotations:
D:4 Blackhawk's ghost, amateur GnFi


Innate Abilities, Weirdness & Mutations

Your experience applies equally to all skills.
You have very sharp teeth.
Your uncanny sense of smell can sniff out nearby items.


Message History

The vampire is severely damaged.
You block the vampire's attack.
The vampire bites you but does no damage.
The vampire is infused with unholy energy.
* * * LOW HITPOINT WARNING * * *
The vampire draws life force from you and is healed!
You closely miss the vampire. You bite the vampire, but do no damage.
The vampire is heavily damaged.
The vampire hits you but does no damage.
The vampire bites you.
* * * LOW HITPOINT WARNING * * *
The vampire draws strength from your injuries!
You closely miss the vampire. You bite the vampire, but do no damage.
The vampire is heavily damaged.
The vampire casts a spell at you. You resist with significant effort.
You hit the vampire.
The vampire is severely damaged.
The vampire hits you!
You die...

# # ## #+## #
..###..#### #
#.#.......### #
#.#.........
####.#.......#
...§§§§§.....#
#§§§§.....#
#§@§§.....#
##V##.....#
#§W§#.#####
#§§§#.# ∆ ∆#.#
###.#####
#####.......#
#........##.#
######.#...#..#


You could see a vampire and Blackhawk's ghost.

Vanquished Creatures
  A hound (D:4)
  An orc wizard (D:3)
  Ijyb (D:3)
  3 worker ants (D:4)
  A hound skeleton (D:4)
  4 adders
  An ooze (D:3)
  2 worms
  A dart slug (D:2)
  5 leopard geckos
  7 orcs
  A ball python (D:1)
  3 bats
  3 giant cockroaches
  9 hobgoblins
  4 jackals (D:1)
  2 quokkas (D:4)
  2 frilled lizards
  5 goblins
  8 kobolds
  7 rats
71 creatures vanquished.

Notes
Turn   | Place    | Note
-------+----------+-------------------------------------------
     0 | D:1      | Blackhawk the Gnoll Fighter began the quest for the Orb.
     0 | D:1      | Reached XP level 1. HP: 23/23 MP: 1/1
    97 | D:1      | Reached XP level 2. HP: 28/29 MP: 2/2
   719 | D:2      | Reached XP level 3. HP: 32/35 MP: 3/3
   950 | D:2      | Reached skill level 1 in Invocations
  1120 | D:2      | Found a glowing silver altar of Zin.
  1142 | D:2      | Found a stormy altar of Qazlal.
  1204 | D:2      | Found an iron altar of Okawaru.
  1218 | D:2      | Became a worshipper of Warmaster Okawaru
  1262 | D:2      | Reached skill level 1 in Short Blades
  1262 | D:2      | Reached skill level 1 in Long Blades
  1262 | D:2      | Reached skill level 1 in Axes
  1262 | D:2      | Reached skill level 1 in Polearms
  1262 | D:2      | Reached skill level 1 in Staves
  1262 | D:2      | Reached skill level 1 in Slings
  1262 | D:2      | Reached skill level 1 in Bows
  1262 | D:2      | Reached skill level 1 in Crossbows
  1262 | D:2      | Reached skill level 1 in Throwing
  1262 | D:2      | Reached skill level 1 in Dodging
  1262 | D:2      | Reached skill level 1 in Stealth
  1262 | D:2      | Reached skill level 1 in Unarmed Combat
  1262 | D:2      | Reached skill level 1 in Spellcasting
  1262 | D:2      | Reached skill level 1 in Evocations
  1296 | D:2      | Reached XP level 4. HP: 41/41 MP: 5/5
  1684 | D:3      | Noticed Ijyb
  1707 | D:3      | Killed Ijyb
  1707 | D:3      | Reached skill level 1 in Conjurations
  1707 | D:3      | Reached skill level 1 in Hexes
  1707 | D:3      | Reached skill level 1 in Charms
  1707 | D:3      | Reached skill level 1 in Summonings
  1707 | D:3      | Reached skill level 1 in Necromancy
  1707 | D:3      | Reached skill level 1 in Translocations
  1707 | D:3      | Reached skill level 1 in Transmutations
  1707 | D:3      | Reached skill level 1 in Fire Magic
  1707 | D:3      | Reached skill level 1 in Ice Magic
  1707 | D:3      | Reached skill level 1 in Air Magic
  1707 | D:3      | Reached skill level 1 in Earth Magic
  1707 | D:3      | Reached skill level 1 in Poison Magic
  1721 | D:3      | Reached XP level 5. HP: 28/47 MP: 6/6
  1930 | D:3      | Found a faded altar of an unknown god.
  2597 | D:3      | Found a radiant altar of Vehumet.
  2597 | D:3      | Found an ornate altar of the Wu Jian Council.
  2767 | D:4      | Reached * piety under Okawaru
  2912 | D:4      | Reached XP level 6. HP: 37/53 MP: 8/8
  3094 | D:4      | Got a shimmering ring mail
  3231 | D:4      | Found a runed door.
  3234 | D:4      | Noticed Blackhawk's ghost (amateur GnFi)
  3234 | D:4      | Noticed a vampire
  3254 | D:4      | Slain by a vampire

Skill      XL: |  1  2  3  4  5  6 |
---------------+-------------------+-----
Invocations    | 1 2 |  2.0
Short Blades   | 1 |  1.8
Long Blades    | 1 |  1.8
Axes           | 1 |  1.8
Polearms       | 1 |  1.8
Staves         | 1 |  1.8
Slings         | 1 |  1.8
Bows           | 1 |  1.8
Crossbows      | 1 |  1.8
Throwing       | 1 |  1.8
Dodging        | 1 |  1.8
Stealth        | 1 |  1.8
Unarmed Combat | 1 |  1.8
Spellcasting   | 1 |  1.8
Evocations     | 1 |  1.8
Conjurations   | 1 |  1.4
Hexes          | 1 |  1.4
Charms         | 1 |  1.4
Summonings     | 1 |  1.4
Necromancy     | 1 |  1.4
Translocations | 1 |  1.4
Transmutations | 1 |  1.4
Fire Magic     | 1 |  1.4
Ice Magic      | 1 |  1.4
Air Magic      | 1 |  1.4
Earth Magic    | 1 |  1.4
Poison Magic   | 1 |  1.4
Fighting       | |  6.8
Maces & Flails | |  4.9
Armour         | |  6.8
Shields        | |  6.8

Action                   |  1- 3 |  4- 6 || total
-------------------------+-------+-------++-------
Melee: Flail             |   114 |   178 ||   292
       Bite              |    11 |    21 ||    32
  Eat: Chunk             |     1 |     7 ||     8
Armor: Scale mail        |    51 |    46 ||    97
       Skin              |       |    23 ||    23
       Plate armour      |       |    46 ||    46
Dodge: Dodged            |    45 |    57 ||   102
Block: Shield            |    89 |   128 ||   217
